 Dungeon Crawl Stone Soup version 0.32-a0-305-gcc768c7156 (webtiles) character file.

Game seed: 3770257023298130324

1853402 PaperRat the Djinni Blade (level 27, 209/209 HPs)
             Began as a Djinni Reaver on Feb 14, 2024.
             Was a High Priest of Ashenzari.
             Escaped with the Orb
             ... and 3 runes on Feb 15, 2024!
             The game lasted 05:41:39 (57046 turns).

PaperRat the Djinni Blade (Djinni Reaver)          Turns: 57046, Time: 05:41:40

Health: 209/209    AC: 21    Str: 17    XL:     27
Gold:   3369       EV: 24    Int: 32    God:    Ashenzari [*****.] SH: 11 Dex: 16

rFire   + + .        w - +3 demon blade of the Little People {vamp, rN+ Dex+4}
rCold   + . .        r - +2 buckler of Ashenzari's Loss {AC+3, Elem, Sorc} (curse)
rNeg    + . .        Y - +3 troll leather armour of Ashenzari's Burden {Regen+, Snorg, Comp, Sorc} (curse)
rPois   ∞            H - +2 helmet "Shattered With Me" {Sorc, Melee} (curse)
rElec   +            G - +1 cloak "Circumscribed With Me" {rPois Will+ Str+3, Range, Melee} (curse)
rCorr   +            K - +3 pair of gauntlets of War {Slay+5, Cun, Dev} (curse)
SInv    +            (boots unavailable)
Will    +++++        h - amulet "Chained Gnosis" {Regen+, Bglg, Elem} (curse)
Stlth   ++           y - ring "I Foresaw This" {rElec rPois Will+ rCorr Dex-3, Fort, Cun} (curse)
HPRegen 2.14/turn    v - ring "Eternal Together" {rC++ Will+ Str+3 Int+6 Stlth-, Bglg, Sorc} (curse)
MPRegen 0.00/turn

%: clarity
@: flying
A: sickness immunity, fire resistance 2, cold vulnerability 1, float, innate
caster, HP casting, extra vitality 1
0: Orb of Zot
}: 3/15 runes: barnacled, silver, gossamer
a: Renounce Religion, Curse Item, Shatter the Chains


You escaped.
You worshipped Ashenzari.
Ashenzari was extremely pleased with you.
You visited 10 branches of the dungeon, and saw 48 of its levels.
You also visited: Trove, Ice Cave, Volcano and Desolation.

You collected 10487 gold pieces.
You spent 7118 gold pieces at shops.

Inventory:

Hand Weapons
 a - a +9 demon blade of freezing
 q - the +1 dagger of Trog's Displeasure {flame, +Blink rF+ rC+}
   (You bought it in a shop on level 3 of the Dungeon)

   rF+:       It protects you from fire.
   rC+:       It protects you from cold.
   +Blink:    It lets you blink.
 w - the +3 demon blade of the Little People (weapon) {vamp, rN+ Dex+4}
   (You bought it in a shop on level 3 of the Dungeon)

   Dex+4:     It affects your dexterity (+4).
   rN+:       It protects you from negative energy.
Missiles
 F - 15 curare-tipped darts (quivered)
 S - 7 throwing nets {!f}
Armour
 r - the cursed +2 buckler of Ashenzari's Loss (worn) {AC+3, Elem, Sorc}
   (You took it off a tengu reaver on level 5 of the Vaults)

   It has a curse which improves the following skills: Elements: Fire Magic, Ice
   Magic, Air Magic and Earth Magic.
   Sorcery:   Conjurations and Alchemy.
 A - a +0 helmet of intelligence
 G - the cursed +1 cloak "Circumscribed With Me" (worn) {rPois Will+ Str+3, Range, Melee}
   (You found it in an ice cave)

   Str+3:     It affects your strength (+3).
   rPois:     It protects you from poison Will+: It increases your willpower.
   It has a curse which improves the following skills: Ranged Combat: Ranged
   Weapons and Throwing.
   Melee Combat: Short Blades, Long Blades, Axes, Maces & Flails, Polearms,
   Staves and Unarmed Combat.
 H - the cursed +2 helmet "Shattered With Me" (worn) {Sorc, Melee}
   (You found it on level 14 of the Dungeon)

   It has a curse which improves the following skills: Sorcery: Conjurations and
   Alchemy.
   Melee Combat: Short Blades, Long Blades, Axes, Maces & Flails, Polearms,
   Staves and Unarmed Combat.
 K - the cursed +3 pair of gauntlets of War (worn) {Slay+5, Cun, Dev}
   (You found it on level 3 of the Elven Halls)

   Slay+5:    It affects your accuracy & damage with ranged weapons and melee
   (+5).
   It has a curse which improves the following skills: Cunning: Dodging and
   Stealth.
   Devices:   Evocations and Shapeshifting.
 Y - the cursed +3 troll leather armour of Ashenzari's Burden (worn) {Regen+, Snorg, Comp, Sorc}
   (You found it on level 3 of the Lair of Beasts)

   Regen+:    It increases your rate of health regeneration.
   It has a curse which improves the following skills: Companions: Summonings
   and Necromancy.
   Sorcery:   Conjurations and Alchemy.
Magical Staves
 O - the staff "Mobeacur" {rF+ Int-2 Conj Hexes Fire}
   (You found it on level 5 of the Vaults)

   [staff of fire]

   Base accuracy: +5 Base damage: 5 Base attack delay: 1.2 This weapon's minimum
   attack delay (0.6) is reached at skill level 12.
   Int-2:     It affects your intelligence (-2).
   rF+:       It protects you from fire.
   Conj:      It increases the power of your Conjurations spells.
   Hexes:     It increases the power of your Hexes spells.
   Fire:      It increases the power of your Fire spells.
   It falls into the 'Staves' category.
   It is a one-handed weapon.
Jewellery
 h - the cursed amulet "Chained Gnosis" (around neck) {Regen+, Bglg, Elem}
   (You bought it in a shop on level 2 of the Dungeon)

   [amulet of regeneration]

   Regen+:    It increases your rate of health regeneration.
   It has a curse which improves the following skills: Beguiling: Hexes and
   Translocations.
   Elements:  Fire Magic, Ice Magic, Air Magic and Earth Magic.
 v - the cursed ring "Eternal Together" (right hand) {rC++ Will+ Str+3 Int+6 Stlth-, Bglg, Sorc}
   (You took it off a deep elf pyromancer on level 3 of the Elven Halls)

   [ring of intelligence]

   Str+3:     It affects your strength (+3).
   Int+6:     It affects your intelligence (+6).
   rC++:      It greatly protects you from cold.
   Will+:     It increases your willpower.
   Stlth-:    It makes you less stealthy.
   It has a curse which improves the following skills: Beguiling: Hexes and
   Translocations.
   Sorcery:   Conjurations and Alchemy.
 y - the cursed ring "I Foresaw This" (left hand) {rElec rPois Will+ rCorr Dex-3, Fort, Cun}
   (You found it on level 2 of the Depths)

   [ring of willpower]

   Dex-3:     It affects your dexterity (-3).
   rElec:     It insulates you from electricity.
   rPois:     It protects you from poison Will+: It increases your willpower.
   rCorr:     It protects you from acid and corrosion.
   It has a curse which improves the following skills: Fortitude: Armour and
   Shields.
   Cunning:   Dodging and Stealth.
Wands
 b - a wand of roots (41)
 c - a wand of quicksilver (34)
 d - a wand of digging (24)
 m - a wand of polymorph (38)
 n - a wand of charming (32)
 z - a wand of mindburst (23)
Scrolls
 e - a scroll of enchant armour
 f - 5 scrolls of enchant weapon
 j - 4 scrolls of revelation
 s - 10 scrolls of blinking {@r5}
 t - 13 scrolls of poison
 E - 10 scrolls of immolation
 L - 5 scrolls of vulnerability
 M - 13 scrolls of teleportation {@r3}
 P - 4 scrolls of summoning
 R - 7 scrolls of fear {@r4}
 U - 7 scrolls of fog {@r2}
Potions
 g - 7 potions of brilliance {@q5}
 k - 8 potions of lignification
 l - 11 potions of might {@q3}
 o - 6 potions of enlightenment {@q6}
 p - 3 potions of cancellation
 u - 12 potions of ambrosia
 x - 5 potions of mutation {@q7}
 I - 14 potions of heal wounds {@q2}
 J - 7 potions of haste {@q4}
 Q - 3 potions of resistance
 T - 20 potions of curing {@q1}
 W - 5 potions of invisibility
Miscellaneous
 B - a phantom mirror
 C - a condenser vane
 V - a lightning rod (4/4)
 X - a box of beasts
 Z - a phial of floods


   Skills:
 - Level 21.0 Fighting
 - Level 21.1(23.9) Long Blades
 - Level 2.5(4.3) Throwing
 - Level 9.8(12.0) Armour
 - Level 19.1(22.0) Dodging
 + Level 14.4(17.5) Stealth
 - Level 16.0(18.0) Shields
 + Level 19.4 Spellcasting
 + Level 19.4(24.1) Conjurations
 + Level 19.4(22.2) Hexes
   Level 0.0 Charms
 + Level 19.4(21.3) Summonings
 + Level 19.4(21.3) Necromancy
 + Level 19.4(22.2) Translocations
   Level 0.0 Transmutations
 + Level 19.4(22.2) Fire Magic
 + Level 19.4(22.2) Ice Magic
 + Level 19.4(22.2) Air Magic
 + Level 19.4(22.2) Earth Magic
 + Level 19.4(24.1) Alchemy
 - Level 1.0 Invocations
 - Level 18.0(20.0) Evocations


You knew the following spells:

 Your Spells              Type           Power      Damage    Failure   Level
a - Borgnjor's Vile Clut  Necr/Erth      53%        N/A       0%          5
b - Summon Cactus Giant   Summ           53%        N/A       1%          6
c - Call Canine Familiar  Summ           100%       N/A       0%          3
d - Bombard               Conj/Erth      54%        9d9       0%          6
e - Gell's Gravitas       Tloc           100%       N/A       0%          3
f - Eringya's Noxious Bo  Alch           55%        4d6       0%          6
g - Necrotise             Necr           100%       1d9       0%          1
h - Momentum Strike       Conj/Tloc      100%       3d10      0%          2
i - Malign Gateway        Summ/Tloc      53%        N/A       1%          7
j - Kiss of Death         Conj/Necr      100%       2d13      0%          1
k - Dragon's Call         Summ           53%        N/A       24%         9
q - Chain Lightning       Conj/Air       54%        3d72      11%         9
r - Jinxbite              Hex            100%       N/A       0%          2
s - Hailstorm             Conj/Ice       100%       3d16      0%          3
v - Discord               Hex            54%        N/A       1%          8
x - Yara's Violent Unrav  Hex/Alch       54%        3d21      0%          5
Your spell library was empty.

Dungeon Overview and Level Annotations

Branches:
Dungeon (15/15)            Temple (1/1) D:7            Lair (5/5) D:9
 Shoals (4/4) Lair:2       Spider (4/4) Lair:2        Slime (0/5) Lair:5
    Orc (2/2) D:10            Elf (3/3) Orc:2        Vaults (5/5) D:13
  Crypt (0/3) Vaults:2     Depths (4/4) D:15            Zot (5/5) Depths:4
  IceCv (visited)         Volcano (visited)         Desolation (visited)

Altars:
Ashenzari
Cheibriados
Dithmenos
Elyvilon
Fedhas
Gozag
Hepliaklqana
Makhleb
Nemelex Xobeh
Okawaru
Qazlal
Ru
Trog
Uskayaw
Wu Jian
Xom
Yredelemnul
Zin
The Shining One
Jiyva

Shops:
D:2 *   D:3 (   D:10 ([   D:15 *   Orc:2 *:**   Elf:1 ?   Shoals:3 !
Vaults:3 =   Vaults:4 ***   Depths:1 :   Depths:4 [=(

Portals:
Hell: Depths:1 Depths:2 Depths:3 Depths:4
Abyss: Depths:3 Depths:4
Pandemonium: Depths:1 Depths:2
Ziggurat: Depths:2

Annotations:
Elf:2 5 runed translucent doors
Depths:4 4 transporters
Zot:2 1 transporter


Innate Abilities, Weirdness & Mutations

You are immune to sickness and miasma.
You are immune to poison.
Your flesh is very heat resistant. (rF++)
You are vulnerable to cold. (rC-)
You float through the air rather than walking.
You learn spells naturally, not from books.
Your magical power is your life essence.
You have superior vitality. (+4 MHP)


Message History

The iron shot hits the tormentor!!!
You kill the tormentor!
The blast sends you backwards.
HP restored.
There is a stone staircase leading up here.
You fly upwards.
There is a stone staircase leading down here.
There is a stone staircase leading up here.
You fly upwards.
There is a stone staircase leading down here.
A hellion comes into view.
The hellion gives a hideous shriek!
The hellion moves out of view.
Casting: Bombard (safe; 0% risk of failure)
Confirm with . or Enter, or press ? or * to list all spells.
Aiming: Bombard (safe; 0% risk of failure)
Press: ? - help, Shift-Dir - straight line, f - hellion
Aim: a hellion (79% to hit)
The iron shot hits the hellion!!
The hellion is severely wounded.
The blast sends you backwards. The hellion gestures at you.
The sphere of damnation explodes!
The damnation engulfs you!!
Casting: Bombard (safe; 0% risk of failure)
Confirm with . or Enter, or press ? or * to list all spells.
Aiming: Bombard (safe; 0% risk of failure)
Press: ? - help, Shift-Dir - straight line, f/p - hellion
Aim: a hellion (severely wounded, 79% to hit)
The iron shot hits the hellion!!!
You kill the hellion!
There is a stone staircase leading up here.
You fly upwards.
There is a stone staircase leading down here.
HP restored.
You sense a monster nearby.
There is an open door here.
You see here a +0 club.
A hellion comes into view.
There is a staircase leading out of the dungeon here.
You have escaped!

.............###'###.........#
.........##..#ß...ß#..##.....#
.....)..####.##)#.##.####....#
.........##..#ß.#)ß#..##.....#
.......:.....##.#.##.........#
......########ß...ß########..#
......#ß#ß#ß#ß#...#ß#ß#ß#ß#..#
......#...................#..####
####..+.#####...@...#####.+......
##.#...................#......
#.#ß#ß#ß#ß#...#ß#ß#ß#ß#......
#####.########ß...ß########......
....#........##.#.##.........####
###.#....##..#ß.#.ß#..##.....## #
#.#...####.##2#.##.####.....# #
#.#....##..#ß...ß#..##......#
###.#........###+###........#>#


You could see a hellion.

Vanquished Creatures
  2 dread liches
  2 ancient liches (Zot:5)
  2 orbs of fire (Zot:5)
  A pandemonium lord (Depths:1)
  7 Killer Klowns
  The ghost of Heokhletz the Warrior, a veteran OnGl of Okawaru (Depths:3)
  3 curse toes (Zot:3)
  9 golden dragons
  2 bone dragons (Depths:4)
  The ghost of Xenophilius the Earth Mage, an adept KoEE of Makhleb (Elf:1)
  5 tentacled monstrosities
  4 electric golems
  18 Orb Guardians
  Mlioglotl (Spider:2)
  2 liches
  5 sphinxes
  6 quicksilver dragons
  2 deep elf master archers (Elf:3)
  A deep elf blademaster (Elf:3)
  3 krakens
  11 death cobs
  6 storm dragons
  8 shadow dragons
  5 protean progenitors
  3 tengu reavers (Vaults:5)
  Kirke (Lair:3)
  Roxanne (Shoals:2)
  4 draconian monks
  A draconian knight (Zot:4)
  Ilsuiw (Shoals:2)
  2 fire giants
  The ghost of bmj180 the Destroyer, an adept HuCj of Sif Muna (Lair:3)
  A balrug (Depths:4)
  6 emperor scorpions
  Louise (Elf:3)
  6 deep elf sorcerers
  13 vault wardens
  2 imperial myrmidons (Desolation)
  A cacodemon (Depths:2)
  7 frost giants
  An orc warlord (Orc:1)
  2 deep elf elementalists (Elf:3)
  13 ghost moths
  An angel (Shoals:4)
  A draconian stormcaller (Zot:4)
  A reaper (IceCv)
  7 formless jellyfish
  11 ironbound thunderhulks
  A spriggan defender (Depths:2)
  4 very ugly things
  11 stone giants
  12 ironbound preservers
  7 green draconians
  2 lorocyprocas
  3 vampire knights
  The ghost of heinrich the Brawler, a journeyman TrMo of Ru (Orc:1)
  2 apis (Shoals:4)
  3 yellow draconians
  9 deep elf demonologists
  3 broodmothers
  5 red draconians
  9 deep elf death magi
  A spectral titan (Depths:3)
  9 deep elf annihilators
  2 purple draconians
  4 white draconians
  4 war gargoyles
  4 black draconians
  The ghost of Meazimey the Grappler, a journeyman NaAl of Jiyva (Lair:2)
  2 halazid warlocks (Desolation)
  3 dire elephants
  3 spark wasps
  The ghost of Tutoepidd the Arsonist, a journeyman DrFE of Vehumet (Lair:3)
  Snorg (Lair:3)
  2 merfolk javelineers (Shoals:4)
  Josephine (D:11)
  4 ragged hierophants (Desolation)
  6 crystal guardians
  A quicksilver dragon zombie (Vaults:2)
  12 yaktaur captains
  6 fire dragons
  8 ettins
  Fannar (D:10)
  4 deep elf high priests
  7 great orbs of eyes
  A spectral spriggan (Depths:3)
  12 vault guards
  6 hydras
  11 merfolk impalers
  7 servants of whispers (Desolation)
  5 rakshasas
  4 ice dragons
  A catoblepas (D:15)
  2 alligators (Zot:1)
  5 radroaches
  13 centaur warriors
  10 spriggan air magi
  7 ironbound frosthearts
  2 alligator snapping turtles (Shoals:4)
  9 boulder beetles
  5 merfolk aquamancers
  13 dancing weapons
  14 peacekeepers
  17 death yaks
  A death knight (D:15)
  6 merfolk avatars
  6 two-headed ogres
  4 tengu warriors
  4 satyrs
  3 deep troll shamans
  2 vampire magi (Depths:3)
  6 spriggan berserkers
  4 occultists
  8 demonic crawlers
  3 orc high priests
  5 deep troll earth magi
  A hell knight (Depths:1)
  12 deep elf knights
  5 skeletal warriors (D:15)
  A shadow wraith (Vaults:5)
  A sixfirhy (D:12)
  A salamander mystic (Volcano)
  A skyshark (shapeshifter) (Vaults:5)
  A deep troll (shapeshifter) (Vaults:5)
  A flayed ghost (Vaults:5)
  2 iron trolls
  21 sea snakes
  8 pharaoh ants
  10 arcanists
  A sea snake (shapeshifter) (Vaults:5)
  7 orb spiders
  An obsidian statue (Vaults:4)
  A mana viper (Spider:4)
  6 phantasmal warriors
  18 deep trolls
  A sun moth (Spider:1)
  An anaconda (shapeshifter) (Vaults:5)
  19 deep elf zephyrmancers
  4 cherubim (Shoals:4)
  10 deep elf archers
  4 lindwurms
  4 large abominations (Elf:2)
  A spectral iron dragon (Depths:3)
  2 glowing orange brains (Depths:2)
  21 ironbound convokers
  A steelbarb worm (shapeshifter) (Depths:4)
  4 orc knights
  8 harpies
  6 necromancers
  6 steelbarb worms
  21 deep elf pyromancers
  7 wolf spider zombies
  A frost giant zombie (Vaults:3)
  9 orc sorcerers
  5 spectral wolf spiders (Spider:3)
  A harpy (shapeshifter) (Elf:3)
  A stone giant zombie (Vaults:3)
  A shadow dragon skeleton (Vaults:3)
  4 salamanders (Volcano)
  A sphinx simulacrum (Depths:2)
  A fire giant zombie (Depths:2)
  22 wolf spiders
  8 cyclopes
  A salamander (shapeshifter) (Vaults:5)
  15 manticores
  26 ugly things
  A tengu skeleton (Vaults:2)
  16 vault sentinels
  17 fauns
  2 smoke demons (Depths:4)
  22 moths of wrath
  5 guardian serpents (Desolation)
  A titan simulacrum (Depths:3)
  An ice statue (IceCv)
  8 kobold blastminers
  3 water nymphs
  5 merfolk sirens
  3 meliai (Spider:2)
  7 torpor snails
  3 elephants
  3 molten gargoyles
  4 black mambas
  A gargoyle (D:13)
  4 unseen horrors
  7 cane toads
  A hellion (D:2)
  Jeremiah (D:6)
  2 unseen horrors (shapeshifter)
  3 freezing wraiths
  23 yaktaurs
  A kobold demonologist (Elf:1)
  10 komodo dragons
  A tormentor (D:4)
  2 tengu conjurers (Depths:3)
  2 anaconda simulacra (IceCv)
  2 rime drakes
  A red devil (Zot:3)
  A golden dragon simulacrum (Depths:3)
  25 merfolk
  A merfolk (shapeshifter) (Depths:1)
  7 trolls
  2 wind drakes
  A hornet (shapeshifter) (Vaults:5)
  A hellwing (D:10)
  7 polar bears
  32 tarantellas
  48 saltlings (Desolation)
  35 blink frogs
  A tengu simulacrum (Depths:2)
  5 wolf spider simulacra (Spider:3)
  9 snapping turtles
  15 dream sheep
  A glass eye (Depths:1)
  18 hornets
  A stone giant simulacrum (Vaults:3)
  An iron dragon simulacrum (Depths:3)
  27 jumping spiders
  47 slime creatures
  14 water elementals
  22 culicivoras
  6 air elementals
  A basilisk (shapeshifter) (D:13)
  A dire elephant simulacrum (IceCv)
  2 humans (D:13)
  5 wraiths
  39 yaks
  4 fire bats (Volcano)
  A shadow (D:11)
  2 fire elementals
  17 spriggans
  2 wyverns
  6 basilisks
  2 wargs (Orc:1)
  A hog (Lair:3)
  45 redbacks
  3 vampire mosquitoes (D:14)
  3 death yak simulacra (IceCv)
  6 steam dragons
  A redback (shapeshifter) (Depths:1)
  Menkaure (D:6)
  A harpy simulacrum (IceCv)
  A hydra simulacrum (IceCv)
  A glowing shapeshifter skeleton (Vaults:2)
  27 orc warriors
  15 water moccasins
  13 black bears
  A sky beast (D:6)
  A swamp drake (Orc:1)
  An ice beast (D:7)
  5 boggarts
  10 ogres
  2 ogres (shapeshifter)
  A crocodile (D:10)
  26 wolves
  4 centaurs
  A human skeleton (Vaults:3)
  A kobold brigand (D:9)
  5 bullfrogs
  4 earth elementals
  6 two-headed ogre simulacra (IceCv)
  A glowing shapeshifter simulacrum (Depths:3)
  2 scorpions
  2 cane toad simulacra (IceCv)
  8 wights (D:9)
  An elephant simulacrum (IceCv)
  11 killer bees
  7 electric eels
  A crimson imp (Orc:1)
  5 hounds
  5 lava snakes
  2 bombardier beetles
  A gnoll bouda (D:5)
  29 orc priests
  An iron imp (Orc:1)
  2 sleepcaps
  A boggart zombie (D:15)
  6 iguanas
  8 troll simulacra (IceCv)
  Ijyb (D:3)
  44 orc wizards
  3 spriggan simulacra (IceCv)
  9 hell rats
  A boggart skeleton (D:15)
  3 polar bear simulacra (IceCv)
  5 wolf simulacra (IceCv)
  7 gnolls
  7 adders
  3 naga simulacra (IceCv)
  2 shadow imps
  7 white imps
  11 ufetubi
  3 ribbon worms
  6 dart slugs
  87 orcs
  5 ball pythons
  3 endoplasms
  4 giant cockroaches
  8 goblins
  2 hobgoblins (D:1)
  3 jackals (D:1)
  5 quokkas
  6 bats
  4 frilled lizards
  A goblin skeleton (D:4)
  3 goblin zombies (D:4)
  4 hobgoblin zombies (D:4)
  10 kobolds
  2 kobold skeletons (D:4)
  An orc zombie (D:4)
  4 rats
  4 tentacles
1983 creatures vanquished.

Vanquished Creatures (collateral kills)
  A dread lich (Vaults:5)
  4 ancient liches
  3 orbs of fire (Zot:5)
  4 Killer Klowns
  Bai Suzhen (Elf:3)
  Saint Roka (Vaults:5)
  A curse toe (Zot:3)
  2 golden dragons
  An electric golem (Zot:5)
  6 tentacled monstrosities
  A walking earthen tome (Depths:2)
  The ghost of Heidiaz the Merfolkian Porcupine, an adept MfBe of Trog (Vaults:4)
  A walking crystal tome (Depths:2)
  2 titans (Vaults:5)
  8 Orb Guardians (Zot:5)
  2 liches
  2 sphinxes
  A deep elf blademaster (Elf:3)
  3 quicksilver dragons
  An eldritch tentacle (Vaults:2)
  A kraken (Shoals:2)
  5 death cobs
  6 storm dragons
  4 tengu reavers (Vaults:5)
  9 shadow dragons
  2 fire giants
  2 draconian knights
  An emperor scorpion (Spider:4)
  3 protean progenitors
  2 draconian monks
  10 vault wardens
  3 deep elf sorcerers
  2 draconian scorchers
  An iron dragon (Vaults:5)
  3 frost giants
  A ghost moth (Spider:4)
  A draconian shifter (Zot:5)
  A draconian stormcaller (Zot:5)
  5 very ugly things
  An orc warlord (Vaults:2)
  3 ironbound preservers
  6 stone giants
  2 ironbound thunderhulks
  A vampire knight (Depths:1)
  9 green draconians
  A deep elf demonologist (Vaults:5)
  A dire elephant (Vaults:2)
  7 yellow draconians
  8 red draconians
  2 deep elf annihilators (Vaults:5)
  5 black draconians
  7 white draconians
  3 deep elf death magi
  2 spark wasps (Depths:2)
  6 purple draconians
  A spectral titan (Depths:3)
  2 merfolk impalers (Shoals:4)
  2 ettins (Vaults:5)
  A deep elf high priest (Vaults:5)
  3 ice dragons
  2 ragged hierophants (Desolation)
  A spectral spriggan (Depths:3)
  2 yaktaur captains (Vaults:5)
  A servant of whispers (Desolation)
  A rakshasa (Depths:2)
  4 peacekeepers
  An alligator snapping turtle (Shoals:4)
  A catoblepas (Lair:4)
  28 vault guards (Vaults:5)
  2 dancing weapons
  A merfolk aquamancer (Shoals:4)
  8 deep troll shamans
  2 spriggan berserkers
  5 deep troll earth magi
  A tengu warrior (Depths:2)
  A titan zombie (Depths:2)
  2 hell knights (Depths:1)
  A deep elf knight (Vaults:5)
  2 iron trolls (Depths:3)
  2 sixfirhies (Depths:2)
  19 deep trolls
  A goliath frog (Zot:2)
  A glowing orange brain (Depths:1)
  A sun moth (Spider:4)
  An arcanist (Vaults:3)
  2 phantasmal warriors
  A lindwurm (Zot:1)
  A deep elf pyromancer (Elf:2)
  3 ironbound convokers
  4 orc knights (Vaults:5)
  2 wolf spiders
  15 ugly things
  A deep elf zephyrmancer (Elf:1)
  An elephant (Lair:1)
  7 moths of wrath
  3 vault sentinels
  A cane toad (Lair:2)
  A yaktaur (shapeshifter) (Vaults:5)
  A spectral glowing shapeshifter (Depths:3)
  16 yaktaurs
  2 komodo dragons (Lair:1)
  A human skeleton (Vaults:2)
  2 trolls (Vaults:5)
  A merfolk (Shoals:4)
  4 tengu conjurers
  2 hornets
  A wind drake (Shoals:4)
  9 saltlings (Desolation)
  A blink frog (Lair:5)
  A water elemental (Shoals:4)
  3 yaks
  An ice beast (D:8)
  7 orc warriors
  2 wolves
  2 bullfrogs
  A wight (D:9)
  A scorpion (D:9)
  A killer bee (D:9)
  2 orc priests (Vaults:5)
  An orc wizard (D:8)
  12 orcs
  An endoplasm (D:2)
  A hobgoblin (D:2)
  A tentacle (Shoals:2)
391 creatures vanquished.

Vanquished Creatures (others)
  A death cob (Zot:4)
  A sphinx (Vaults:5)
  42 eldritch tentacles
  A tengu reaver (Depths:2)
  2 protean progenitors (Zot:2)
  A fire giant (Depths:2)
  A draconian monk (Zot:4)
  A draconian knight (Zot:2)
  3 draconian scorchers
  A ghost moth (Zot:4)
  3 draconian stormcallers
  3 very ugly things
  2 green draconians (Zot:2)
  A purple draconian (Zot:5)
  2 spark wasps (Spider:4)
  A war gargoyle (Vaults:2)
  A red draconian (Zot:2)
  A yellow draconian (Zot:1)
  2 white draconians (Zot:2)
  A deep elf high priest (Vaults:5)
  A yaktaur captain (Vaults:5)
  An ogre mage (Vaults:5)
  2 deep troll earth magi
  2 tengu warriors (Depths:2)
  A deep troll shaman (Depths:3)
  An occultist (Depths:1)
  A hell knight (Depths:1)
  An iron troll (Depths:3)
  A goliath frog (Zot:2)
  3 deep trolls
  An orc knight (Vaults:5)
  A harpy (Shoals:2)
  An ugly thing (Zot:2)
  A faun (Zot:2)
  2 wolf spiders (Zot:2)
  A moth of wrath (Zot:2)
  A vault sentinel (Vaults:4)
  A black mamba (Lair:4)
  3 yaktaurs (Vaults:5)
  A saltling (Desolation)
  A black bear (shapeshifter) (Depths:4)
  An ogre (Vaults:5)
  An electric eel (Lair:2)
  An orc wizard (Orc:2)
  32 tentacles
134 creatures vanquished.

Grand Total: 2508 creatures vanquished

Notes
Turn   | Place    | Note
-------+----------+-------------------------------------------
     0 | D:1      | PaperRat the Djinni Reaver began the quest for the Orb.
     0 | D:1      | PaperRat set off with the following spells memorised: Kiss
                  | of Death, Momentum Strike, Hailstorm.
     0 | D:1      | Reached XP level 1. HP: 18/18 MP: 0/0
    80 | D:1      | Reached skill level 1 in Stealth
    92 | D:1      | Reached XP level 2. HP: 23/23 MP: 0/0
   497 | D:1      | Reached XP level 3. HP: 28/28 MP: 0/0
   497 | D:1      | Learned a level 1 spell: Necrotise
   892 | D:1      | Reached XP level 4. HP: 32/33 MP: 0/0
  1632 | D:2      | Reached XP level 5. HP: 36/38 MP: 0/0
  1632 | D:2      | Learned a level 2 spell: Jinxbite
  1656 | D:2      | Found Kedd's Assorted Antiques.
  1660 | D:2      | Bought a scroll labelled CYR UHYIXITO for 23 gold pieces
  1660 | D:2      | Bought a scroll of identify for 46 gold pieces
  1660 | D:2      | Identified a scroll of acquirement
  1661 | D:2      | Acquired 1115 gold pieces
  1663 | D:2      | Bought a dented jade amulet for 115 gold pieces
  1663 | D:2      | Bought a potion of curing for 69 gold pieces
  1663 | D:2      | Bought a scroll labelled ROPON EV PON for 23 gold pieces
  1952 | D:3      | Found a bloodstained altar of Trog.
  1985 | D:3      | Noticed Ijyb
  2019 | D:3      | Killed Ijyb
  2165 | D:3      | Found an ornate altar of the Wu Jian Council.
  2197 | D:3      | Found a broken altar of Ashenzari.
  2257 | D:3      | Became a worshipper of Ashenzari the Shackled
  2975 | D:3      | Reached skill level 1 in Evocations
  3009 | D:3      | Found Tiog's Antique Weapon Emporium.
  3013 | D:3      | Bought a crude dagger for 196 gold pieces
  3013 | D:3      | Identified the +7 dagger of Kel Rir {drain, rPois Will-
                  | Int+4} (You bought it in a shop on level 3 of the Dungeon)
  3013 | D:3      | Bought a shimmering dagger for 196 gold pieces
  3013 | D:3      | Identified the +1 dagger of Trog's Displeasure {flame,
                  | +Blink rF+ rC+} (You bought it in a shop on level 3 of the
                  | Dungeon)
  3017 | D:3      | Bought a smoking whip for 210 gold pieces
  3017 | D:3      | Identified the +8 whip "Beengofeas" {heavy, rPois} (You
                  | bought it in a shop on level 3 of the Dungeon)
  3017 | D:3      | Bought a dazzling shortbow for 224 gold pieces
  3017 | D:3      | Identified the +5 shortbow of Qeosmaops {freeze, rElec
                  | Str+5} (You bought it in a shop on level 3 of the Dungeon)
  3084 | D:4      | Reached XP level 6. HP: 45/45 MP: 0/0
  3396 | D:4      | Reached XP level 7. HP: 35/50 MP: 0/0
  3396 | D:4      | Learned a level 3 spell: Call Canine Familiar
  3541 | D:4      | Found a glowing golden altar of the Shining One.
  3704 | D:4      | Reached * piety under Ashenzari
  3805 | D:4      | Found a burning altar of Makhleb.
  4026 | D:4      | Reached skill level 5 in Spellcasting
  4026 | D:4      | Reached skill level 5 in Conjurations
  4026 | D:4      | Reached skill level 5 in Hexes
  4026 | D:4      | Reached skill level 5 in Summonings
  4026 | D:4      | Reached skill level 5 in Necromancy
  4026 | D:4      | Reached skill level 5 in Translocations
  4026 | D:4      | Reached skill level 5 in Fire Magic
  4026 | D:4      | Reached skill level 5 in Ice Magic
  4026 | D:4      | Reached skill level 5 in Air Magic
  4026 | D:4      | Reached skill level 5 in Earth Magic
  4026 | D:4      | Reached skill level 5 in Alchemy
  4127 | D:5      | Entered Level 5 of the Dungeon
  4217 | D:5      | Reached XP level 8. HP: 58/58 MP: 0/0
  4441 | D:5      | Reached ** piety under Ashenzari
  4801 | D:5      | Identified the ring "Ovorph" {Fire Str+3}
  4987 | D:6      | Noticed Jeremiah
  5001 | D:6      | Noticed Menkaure
  5002 | D:6      | Killed Jeremiah
  5004 | D:6      | Killed Menkaure
  5005 | D:6      | Reached XP level 9. HP: 51/65 MP: 0/0
  5005 | D:6      | Learned a level 3 spell: Gell's Gravitas
  5076 | D:6      | Reached *** piety under Ashenzari
  5353 | D:6      | Reached skill level 5 in Evocations
  5882 | D:7      | Identified the +0 dagger of Proximity {freeze, *Slow rElec
                  | rPois Dex+4}
  5912 | D:7      | Identified the +4 hand axe "Icathram" {vamp, Stlth+}
  5968 | D:7      | Reached skill level 5 in Fighting
  6318 | D:7      | Found a staircase to the Ecumenical Temple.
  6326 | Temple   | Entered the Ecumenical Temple
  6385 | D:7      | Found a sparkling altar of Nemelex Xobeh.
  6395 | D:7      | Reached **** piety under Ashenzari
  6709 | D:8      | Reached XP level 10. HP: 76/78 MP: 0/0
  6762 | D:8      | Found a glowing silver altar of Zin.
  6827 | D:8      | Reached skill level 5 in Dodging
  6896 | D:8      | Noticed Psyche
  6897 | D:8      | Psyche changed into Psyche the ribbon worm
  6897 | D:8      | Noticed Psyche
  6902 | D:8      | Killed Psyche the ribbon worm
  7368 | D:9      | Found a shadowy altar of Dithmenos.
  7557 | D:9      | Noticed a two-headed ogre
  7562 | D:9      | Killed a two-headed ogre
  7619 | D:9      | Noticed a komodo dragon
  7640 | D:9      | Reached skill level 1 in Armour
  7641 | D:9      | Killed a komodo dragon
  7642 | D:9      | Reached XP level 11. HP: 81/85 MP: 0/0
  7642 | D:9      | Learned a level 5 spell: Borgnjor's Vile Clutch
  7857 | D:9      | Found a sacrificial altar of Ru.
  8018 | D:9      | Noticed a two-headed ogre
  8024 | D:9      | Killed a two-headed ogre
  8100 | D:9      | Found a staircase to the Lair.
  8100 | D:9      | Noticed an elephant
  8107 | D:9      | Killed an elephant
  8214 | D:10     | Entered Level 10 of the Dungeon
  8218 | D:10     | Found Tuwkap's Weapon Emporium.
  8244 | D:10     | Found a staircase to the Orcish Mines.
  8246 | D:10     | Found Ulevu's Armour Emporium.
  8264 | D:10     | Noticed a two-headed ogre
  8270 | D:10     | Killed a two-headed ogre
  8581 | D:10     | Found a hide-covered altar of Uskayaw.
  8582 | D:10     | Noticed Fannar
  8603 | D:10     | Killed Fannar
  8604 | D:10     | Reached XP level 12. HP: 73/95 MP: 0/0
  8662 | D:10     | Found an iron altar of Okawaru.
  8708 | D:10     | Noticed Sonja
  8711 | D:10     | Sonja changed into Sonja the crocodile
  8711 | D:10     | Noticed Sonja
  8714 | D:10     | Killed Sonja the crocodile
  8750 | D:10     | Identified the +1 dagger of Thoughtfulness {antimagic,
                  | *Noise Fly rN+++ Stlth+}
  9063 | D:3      | Bought a fading demon blade for 560 gold pieces
  9063 | D:3      | Identified the +3 demon blade of the Little People {vamp,
                  | rN+ Dex+4} (You bought it in a shop on level 3 of the
                  | Dungeon)
  9217 | Lair:1   | Entered Level 1 of the Lair of Beasts
 10014 | D:10     | Bought a +0 cloak for 58 gold pieces
 10279 | Lair:1   | Reached skill level 5 in Long Blades
 10371 | Lair:1   | Reached skill level 10 in Dodging
 10560 | Lair:1   | Reached XP level 13. HP: 77/102 MP: 0/0
 10560 | Lair:1   | Learned a level 5 spell: Yara's Violent Unravelling
 10718 | Lair:2   | Reached skill level 10 in Fighting
 10736 | Lair:2   | Reached skill level 10 in Spellcasting
 10736 | Lair:2   | Reached skill level 10 in Conjurations
 10736 | Lair:2   | Reached skill level 10 in Hexes
 10736 | Lair:2   | Reached skill level 10 in Summonings
 10736 | Lair:2   | Reached skill level 10 in Necromancy
 10736 | Lair:2   | Reached skill level 10 in Translocations
 10736 | Lair:2   | Reached skill level 10 in Fire Magic
 10736 | Lair:2   | Reached skill level 10 in Ice Magic
 10736 | Lair:2   | Reached skill level 10 in Air Magic
 10736 | Lair:2   | Reached skill level 10 in Earth Magic
 10736 | Lair:2   | Reached skill level 10 in Alchemy
 10757 | Lair:2   | Found a staircase to the Shoals.
 11066 | Lair:2   | Found a hole to the Spider Nest.
 11066 | Lair:2   | You are sucked into a shaft and drop 2 floors!
 11066 | Lair:4   | Noticed a seven-headed hydra
 11068 | Lair:4   | Noticed a catoblepas
 11093 | Lair:4   | Killed a catoblepas
 11279 | Lair:2   | Identified the +0 pair of gloves of Ihixkang {Harm rElec
                  | Will- Dex+8}
 11502 | D:2      | Bought a scroll of enchant armour for 172 gold pieces
 12207 | Lair:3   | Found a runed translucent gate.
 12208 | Lair:3   | Found a runed translucent gate.
 12299 | Lair:3   | Identified the +4 great mace "Runtuk" {pain, rN+}
 12340 | Lair:3   | Noticed Snorg
 12348 | Lair:3   | Killed Snorg
 12388 | Lair:3   | Found a runed translucent gate.
 12388 | Lair:3   | Noticed Tutoepidd's ghost (journeyman DrFE)
 12388 | Lair:3   | Noticed bmj180's ghost (adept HuCj)
 12390 | Lair:3   | Noticed Meazimey's ghost (journeyman NaAl)
 12391 | Lair:3   | Identified the +11 great sword "Xavvynni" {venom, rPois
                  | rCorr Dex+7 Stlth-}
 12393 | Lair:3   | Identified the amulet "Gaitiut" {Spirit rElec Dex-5 Slay+6}
 12556 | Lair:3   | Reached skill level 1 in Throwing
 12678 | Lair:3   | Noticed Kirke
 12690 | Lair:3   | Killed Kirke
 12691 | Lair:3   | Reached skill level 1 in Shields
 12691 | Lair:3   | Reached XP level 14. HP: 75/112 MP: 0/0
 13325 | Lair:4   | Reached ***** piety under Ashenzari
 13961 | Lair:5   | Entered Level 5 of the Lair of Beasts
 14003 | Lair:5   | Reached skill level 1 in Invocations
 14424 | Lair:5   | Reached skill level 5 in Shields
 14526 | Lair:5   | Reached XP level 15. HP: 114/120 MP: 0/0
 14526 | Lair:5   | Learned a level 6 spell: Bombard
 14534 | Lair:5   | Reached skill level 10 in Evocations
 14694 | Lair:5   | Found a viscous altar of Jiyva.
 14696 | Lair:5   | Found a staircase to the Slime Pits.
 15047 | Lair:5   | Identified Teschaps's Grimoire of Mortuary Assembling
 15229 | Lair:2   | Killed Meazimey's ghost
 15311 | Lair:3   | Killed Tutoepidd's ghost
 15401 | Lair:3   | Killed bmj180's ghost
 15499 | Orc:1    | Entered Level 1 of the Orcish Mines
 15552 | Orc:1    | Noticed heinrich's ghost (journeyman TrMo)
 15554 | Orc:1    | Noticed an orc warlord
 15569 | Orc:1    | Found a runed translucent gate.
 15569 | Orc:1    | Found a runed translucent gate.
 15605 | Orc:1    | Found a runed translucent gate.
 16304 | Orc:1    | Reached skill level 10 in Long Blades
 16326 | Orc:1    | Killed heinrich's ghost
 16335 | Orc:1    | Killed an orc warlord
 16464 | Orc:2    | Entered Level 2 of the Orcish Mines
 16464 | Orc:2    | Found a staircase to the Elven Halls.
 16561 | Orc:2    | Found a dark tunnel.
 16578 | Volcano  | Entered a volcano
 17396 | Orc:2    | Found Filaenn's Assorted Antiques.
 17400 | Orc:2    | Found Vufrayso's General Store.
 17401 | Orc:2    | Found Sixa Tuc's Book Emporium.
 17423 | Orc:2    | Found Tafeoh's General Store.
 17650 | Orc:2    | Reached XP level 16. HP: 122/129 MP: 0/0
 17952 | Orc:2    | Bought a scroll of acquirement for 884 gold pieces
 17952 | Orc:2    | Acquired a manual of Dodging
 18337 | D:11     | Found a portal to a secret trove of treasure.
 18410 | D:11     | Noticed Josephine
 18426 | D:11     | Killed Josephine
 18727 | D:11     | Found a shimmering altar of Xom.
 18996 | D:12     | Found a frozen archway.
 19003 | IceCv    | Entered an ice cave
 19092 | IceCv    | Identified the +1 pair of gloves "Holosk" {rPois rC+ Dex+3
                  | SInv}
 19424 | IceCv    | Identified the +1 cloak of Heresy {rPois Will+ Str+3}
 21331 | D:13     | Found a gate to the Vaults.
 22259 | D:15     | Entered Level 15 of the Dungeon
 22426 | D:15     | Reached XP level 17. HP: 130/130 MP: 0/0
 22426 | D:15     | Learned a level 6 spell: Eringya's Noxious Bog
 22746 | D:15     | Found a broken altar of Ashenzari.
 22927 | D:15     | Found an opulent altar of Gozag.
 22971 | D:15     | Found Gozag's Platinum Reserve.
 23293 | D:15     | Found a staircase to the Depths.
 23570 | Orc:2    | Bought a lightning rod (4/4) for 680 gold pieces
 23571 | Orc:2    | Bought a scroll of poison for 136 gold pieces
 23571 | Orc:2    | Bought a scroll of fear for 136 gold pieces
 23677 | Spider:1 | Entered Level 1 of the Spider Nest
 25227 | Spider:2 | Reached skill level 10 in Shields
 25307 | Spider:2 | Noticed Mlioglotl
 25327 | Spider:2 | Noticed a tentacled monstrosity
 25341 | Spider:2 | Killed Mlioglotl
 25391 | Spider:2 | Reached XP level 18. HP: 138/138 MP: 0/0
 25901 | Spider:3 | Reached skill level 15 in Dodging
 26944 | Spider:4 | Entered Level 4 of the Spider Nest
 27700 | Spider:4 | Reached XP level 19. HP: 140/140 MP: 0/0
 27700 | Spider:4 | Learned a level 6 spell: Summon Cactus Giant
 27930 | Spider:4 | Got a gossamer rune of Zot
 28073 | Shoals:1 | Entered Level 1 of the Shoals
 29167 | Shoals:2 | Noticed Ilsuiw
 29175 | Shoals:2 | Killed Ilsuiw
 29442 | Shoals:2 | Noticed Roxanne
 29494 | Shoals:2 | Killed Roxanne
 29913 | Shoals:3 | Found Nuewoedwoh's Distillery.
 29950 | Shoals:3 | Bought a potion of invisibility for 144 gold pieces
 30378 | Shoals:3 | Reached skill level 15 in Fighting
 30672 | Shoals:4 | Entered Level 4 of the Shoals
 30800 | Shoals:4 | Reached XP level 20. HP: 146/149 MP: 0/0
 30935 | Shoals:4 | Found a white marble altar of Elyvilon.
 30987 | Shoals:4 | Identified Sif Muna's Spellbook of Beguiling
 30995 | Shoals:4 | Got a barnacled rune of Zot
 31202 | Shoals:4 | Found the +2 hood of the Assassin {Detect Stab+ Stlth++}
 31576 | Shoals:4 | Found a glowing golden altar of the Shining One.
 31799 | Shoals:3 | Bought 2 potions of heal wounds for 180 gold pieces
 31969 | Elf:1    | Entered Level 1 of the Elven Halls
 31972 | Elf:1    | Paralysed by an air elemental for 1 turns
 32051 | Elf:1    | Found Pocs's Magic Scroll Shop.
 32534 | Elf:1    | Found a runed translucent gate.
 32534 | Elf:1    | Found a runed translucent gate.
 32534 | Elf:1    | Found a runed translucent gate.
 32540 | Elf:1    | Noticed Xenophilius's ghost (adept KoEE)
 32541 | Elf:1    | Identified the +2 cloak of Onuoschoth {rElec Will- Str+7
                  | Stlth+}
 33111 | Elf:1    | Paralysed by an air elemental for 1 turns
 33166 | Elf:1    | Killed Xenophilius's ghost
 33167 | Elf:1    | Reached XP level 21. HP: 157/157 MP: 0/0
 33167 | Elf:1    | Learned a level 7 spell: Malign Gateway
 33274 | Elf:2    | Found a crumbling gateway.
 33294 | Desolati | Entered the Desolation of Salt
 33409 | Desolati | Identified the ring of the Glamorous God {Wiz rC+ rN+
                  | Int+4}
 33410 | Desolati | Identified the Lectures on Crystallized Stolen Souls
 33469 | Desolati | Identified the +8 fire dragon scales of Least Resistance
                  | {rF++ rC- Dex+4}
 33711 | Desolati | Identified the ring "Caexy" {rPois rN+ Str+6 Int+6}
 33765 | Desolati | Identified the Book of Glamour and Litharge
 33773 | Desolati | Identified the orb of the Land of Plenty {mayhem, Rampage
                  | rN+}
 34052 | Desolati | Identified the +9 hand axe of Embarrassment {heavy, Int+2}
 34052 | Desolati | Identified the ring of Suspicion {rC+ Int+6}
 34088 | Desolati | Identified the ring "Ycyg" {rElec rN+ MP+9 Dex-2 SInv}
 34088 | Desolati | Identified the staff "Equcsoy" {rF+ rC+ Fire}
 34233 | Desolati | Identified the +7 flail "Peefok" {speed, MP+9}
 34795 | Elf:2    | Found a huge runed translucent gate.
 34795 | Elf:2    | Found a huge runed translucent gate.
 34795 | Elf:2    | Found a huge runed translucent gate.
 34796 | Elf:2    | Found a huge runed translucent gate.
 34798 | Elf:2    | Found a huge runed translucent gate.
 34956 | Elf:2    | Identified the Disquisition on Evil
 35172 | Elf:2    | Reached skill level 15 in Spellcasting
 35172 | Elf:2    | Reached skill level 15 in Conjurations
 35172 | Elf:2    | Reached skill level 15 in Hexes
 35172 | Elf:2    | Reached skill level 15 in Summonings
 35172 | Elf:2    | Reached skill level 15 in Necromancy
 35172 | Elf:2    | Reached skill level 15 in Translocations
 35172 | Elf:2    | Reached skill level 15 in Fire Magic
 35172 | Elf:2    | Reached skill level 15 in Ice Magic
 35172 | Elf:2    | Reached skill level 15 in Air Magic
 35172 | Elf:2    | Reached skill level 15 in Earth Magic
 35172 | Elf:2    | Reached skill level 15 in Alchemy
 35185 | Elf:3    | Entered Level 3 of the Elven Halls
 35186 | Elf:3    | Noticed Bai Suzhen
 35195 | Elf:3    | Killed Bai Suzhen
 35302 | Elf:3    | Noticed Louise
 35312 | Elf:3    | Killed Louise
 35622 | Elf:3    | Paralysed by an air elemental for 1 turns
 36095 | Elf:3    | Reached XP level 22. HP: 149/166 MP: 0/0
 36109 | Elf:3    | Reached skill level 15 in Shields
 36205 | Elf:3    | Identified the ring "Xois Hiy" {rC++ Will+ Str+3 Int+6
                  | Stlth-}
 36215 | Elf:3    | Identified the +6 trident of the Crushed Yaks {flame, Fly
                  | rCorr}
 36238 | Elf:3    | Found the +3 pair of gauntlets of War {Slay+5}
 36240 | Elf:3    | Identified the staff of the Toadstool {rF+ Dex+4 Fire}
 36240 | Elf:3    | Identified the ring "Xacrips" {Int+6 Slay+2}
 36242 | Elf:3    | Identified Niexoler's Volume of Superposition and Anathema
 36246 | Elf:3    | Identified the +5 flail of Grand Tender Mercy {freeze,
                  | Dex+2}
 36444 | Elf:1    | Bought a scroll of fog for 56 gold pieces
 36444 | Elf:1    | Bought a scroll of vulnerability for 56 gold pieces
 36444 | Elf:1    | Bought a scroll of fear for 56 gold pieces
 36444 | Elf:1    | Bought a scroll of blinking for 105 gold pieces
 36514 | Orc:2    | Bought a scroll of poison for 48 gold pieces
 36514 | Orc:2    | Bought a potion of heal wounds for 60 gold pieces
 36514 | Orc:2    | Bought a scroll of teleportation for 36 gold pieces
 36555 | D:10     | Bought 6 curare-tipped darts for 86 gold pieces
 36648 | Vaults:1 | Entered Level 1 of the Vaults
 38751 | Vaults:2 | Reached XP level 23. HP: 167/175 MP: 0/0
 38751 | Vaults:2 | Learned a level 8 spell: Discord
 39035 | Vaults:2 | Found a staircase to the Crypt.
 39878 | Vaults:3 | Found Witapn's Jewellery Boutique.
 40213 | Vaults:3 | Reached skill level 15 in Long Blades
 40557 | Vaults:4 | Found Joachuch's Assorted Antiques.
 40562 | Vaults:4 | Bought a scroll of blinking for 292 gold pieces
 40562 | Vaults:4 | Bought a scroll of fear for 156 gold pieces
 40632 | Vaults:4 | Found a runed translucent gate.
 40632 | Vaults:4 | Found a runed translucent gate.
 40632 | Vaults:4 | Found a runed translucent gate.
 40868 | Vaults:4 | Noticed a dread lich
 41074 | Vaults:4 | Found an opulent altar of Gozag.
 41076 | Vaults:4 | Noticed Heidiaz's ghost (adept MfBe)
 41112 | Vaults:4 | Identified the +0 cloak "Jiadelam" {Str+3}
 41189 | Vaults:4 | Reached XP level 24. HP: 148/184 MP: 0/0
 41546 | Vaults:4 | Identified the +4 whip "Liteot" {heavy, rC++ Str+2 Dex+2}
 41736 | Vaults:4 | Found Qomam's Assorted Antiques.
 41736 | Vaults:4 | Found Akliy's Assorted Antiques.
 41739 | Vaults:4 | Acquired 936 gold pieces
 41799 | Vaults:4 | Killed Heidiaz's ghost
 41901 | Vaults:4 | Bought a wand of quicksilver (4) for 403 gold pieces
 41922 | Vaults:4 | Bought a heavily runed leather armour for 259 gold pieces
 41922 | Vaults:4 | Identified the +0 leather armour of the Many Allies {Will+
                  | Str+4} (You bought it in a shop on level 4 of the Vaults)
 41925 | Vaults:4 | Bought a wand of charming (5) for 444 gold pieces
 41925 | Vaults:4 | Bought a wand of charming (3) for 266 gold pieces
 41925 | Vaults:4 | Bought a scroll of revelation for 277 gold pieces
 42068 | Vaults:5 | Entered Level 5 of the Vaults
 42073 | Vaults:5 | Identified the +0 robe of Okawaru's Envy {Dex+2 SInv
                  | Stlth+}
 42095 | Vaults:5 | Noticed a golden dragon
 42095 | Vaults:5 | Noticed a dread lich
 42137 | Vaults:5 | Noticed Saint Roka
 42143 | Vaults:5 | Killed Saint Roka
 42168 | Vaults:5 | Reached skill level 15 in Evocations
 42181 | Vaults:5 | Killed a dread lich
 42273 | Vaults:5 | Noticed a golden dragon
 42284 | Vaults:5 | Killed a golden dragon
 42612 | Vaults:5 | Reached XP level 25. HP: 189/193 MP: 0/0
 42612 | Vaults:5 | Learned a level 9 spell: Chain Lightning
 42851 | Vaults:5 | Identified the +1 robe of Wyser {+Blink Will- Slay+6}
 43197 | Vaults:5 | Reached skill level 5 in Stealth
 43207 | Vaults:5 | Identified the +6 chain mail of the Armadillo {rC+}
 43328 | Vaults:5 | Identified the staff "Mobeacur" {rF+ Int-2 Conj Hexes Fire}
 43685 | Vaults:5 | Got a silver rune of Zot
 43689 | Vaults:5 | Identified the Book of Spores
 44896 | Shoals:3 | Bought a potion of mutation for 144 gold pieces
 45159 | Depths:1 | Entered Level 1 of the Depths
 45268 | Depths:1 | Found Duxoll's Book Shop.
 45418 | Depths:1 | Found a one-way gate leading to the halls of Pandemonium.
 45841 | Depths:1 | Found a gateway to Hell.
 46534 | Depths:2 | Reached XP level 26. HP: 196/200 MP: 0/0
 46755 | Depths:2 | Found a one-way gateway to a ziggurat.
 46895 | Depths:2 | Found a hide-covered altar of Uskayaw.
 47175 | Depths:2 | Identified the ring "Taonitag" {rElec rPois Will+ rCorr
                  | Dex-3}
 47587 | Depths:3 | Found a runed translucent gate.
 47587 | Depths:3 | Found a runed translucent gate.
 47592 | Depths:3 | Found a runed translucent gate.
 47872 | Depths:3 | Identified the Incunabulum of the Amassed Magnum Opus
 47929 | Depths:3 | Identified the Almanac of Altered Apparitions
 47992 | Depths:3 | Noticed an ancient lich
 47996 | Depths:3 | Noticed an ancient lich
 48007 | Depths:3 | Killed an ancient lich
 48013 | Depths:3 | Killed an ancient lich
 48046 | Depths:3 | Identified the Writings on the Calescent Icicle
 48053 | Depths:3 | Identified the ring "Tearu" {rF+ Str+6}
 48253 | Depths:3 | Found a one-way gate to the infinite horrors of the Abyss.
 48307 | Depths:3 | Noticed Heokhletz's ghost (veteran OnGl)
 48307 | Depths:3 | Noticed a dread lich
 48415 | Depths:3 | Found a white marble altar of Elyvilon.
 48780 | Depths:3 | Killed Heokhletz's ghost
 48838 | Depths:3 | Killed a dread lich
 48973 | Depths:4 | Entered Level 4 of the Depths
 49216 | Depths:4 | Found a transporter.
 49229 | Depths:4 | Found a transporter.
 49443 | Depths:4 | Found a broken altar of Ashenzari.
 49519 | Depths:4 | Reached XP level 27. HP: 205/205 MP: 0/0
 49519 | Depths:4 | Learned a level 9 spell: Dragon's Call
 49699 | Depths:4 | Found Hanlynex's Antique Armour Shoppe.
 49701 | Depths:4 | Found Kucir's Jewellery Emporium.
 49703 | Depths:4 | Found Nutaohoe's Weapon Shoppe.
 49896 | Depths:4 | Found a gate to the Realm of Zot.
 50025 | Depths:4 | Found a transporter.
 50061 | Depths:4 | Found a transporter.
 50271 | Depths:4 | Bought a runed helmet for 322 gold pieces
 50293 | Zot:1    | Entered Level 1 of the Realm of Zot
 50981 | D:11     | You paid a toll of +6 ice dragon scales to enter a treasure
                  | trove
 50982 | Trove    | Entered a treasure trove
 50982 | Trove    | Identified the amulet of Surprise {Acrobat rC- Dex+6}
 50982 | Trove    | Identified the ring of Jocueb {rPois Slay+4}
 50982 | Trove    | Identified the ring of the Beastly God {rPois rC+ Int+3}
 50982 | Trove    | Identified the ring of Music {rF++ rN+}
 52111 | Zot:2    | Noticed a Killer Klown
 52120 | Zot:2    | Killed a Killer Klown
 52202 | Zot:2    | Found the +0 mask of the Dragon {Will+ Slay+3 SInv}
 52268 | Zot:2    | Found a transporter.
 52309 | Zot:2    | Noticed a Killer Klown
 52309 | Zot:2    | Noticed a Killer Klown
 52319 | Zot:2    | Killed a Killer Klown
 52331 | Zot:2    | Killed a Killer Klown
 53349 | Zot:3    | Noticed a Killer Klown
 53354 | Zot:3    | Killed a Killer Klown
 53395 | Zot:3    | Reached skill level 5 in Armour
 54114 | Zot:3    | Identified the ring "Duuj" {rElec rPois Int+6}
 54172 | Zot:3    | Identified the Incunabulum of Shadows
 54275 | Zot:4    | Identified the ring of Juivot {rC- Will+ MP+9 Int+6}
 54576 | Zot:4    | Identified the +12 spear "Isoworos" {venom, rN+ Str+2}
 54723 | Zot:4    | Reached skill level 10 in Stealth
 54844 | Zot:5    | Entered Level 5 of the Realm of Zot
 54845 | Zot:5    | Noticed a dread lich
 55366 | Zot:5    | Noticed an ancient lich
 55374 | Zot:5    | Killed an ancient lich
 55383 | Zot:5    | Noticed an ancient lich
 55407 | Zot:5    | Killed an ancient lich
 55491 | Zot:5    | Noticed a Killer Klown
 55494 | Zot:5    | Noticed an orb of fire
 55510 | Zot:5    | Killed an orb of fire
 55512 | Zot:5    | Killed a Killer Klown
 55560 | Zot:5    | Noticed a Killer Klown
 55564 | Zot:5    | Noticed a Killer Klown
 55568 | Zot:5    | Killed a Killer Klown
 55576 | Zot:5    | Killed a Killer Klown
 55640 | Zot:5    | Noticed a Killer Klown
 55643 | Zot:5    | Killed a Killer Klown
 55833 | Zot:5    | Noticed a Killer Klown
 55843 | Zot:5    | Killed a Killer Klown
 55849 | Zot:5    | Noticed an orb of fire
 55867 | Zot:5    | Killed an orb of fire
 55897 | Zot:5    | Noticed a Killer Klown
 55911 | Zot:5    | Killed a Killer Klown
 55934 | Zot:5    | Noticed a Killer Klown
 55950 | Zot:5    | Killed a Killer Klown
 55988 | Zot:5    | Noticed an orb of fire
 56007 | Zot:5    | Killed an orb of fire
 56095 | Zot:5    | Noticed an orb of fire
 56105 | Zot:5    | Killed an orb of fire
 56126 | Zot:5    | Killed a dread lich
 56161 | Zot:5    | Noticed an ancient lich
 56164 | Zot:5    | Noticed an orb of fire
 56167 | Zot:5    | Killed an ancient lich
 56175 | Zot:5    | Killed an orb of fire
 56185 | Zot:5    | Identified the ring "Hesoy" {rCorr MP+9}
 56260 | Zot:5    | Noticed an ancient lich
 56267 | Zot:5    | Killed an ancient lich
 56367 | Zot:5    | Got the Orb of Zot
 56688 | Depths:1 | Noticed Pete the pandemonium lord
 56694 | Depths:1 | Killed Pete the pandemonium lord
 57046 | D:$      | Escaped with the Orb!

Illustrated notes

Levels and vault maps discovered:
D:1:      heliophobic_arrival_ceremonial_halls, layout_basic
D:2:      layout_basic, serial_shops, shop
D:3:      layout_loops_ring, hellmonk_overflow_destroyed_library,
          mainiacjoe_overflow_big_doors, serial_co_window_serial,
          co_window_paths_a, co_window_cross_1, co_window_corner_a,
          co_window_paths_b, co_window_paths_b, co_window_cross_1,
          co_window_corner_a, co_window_paths_b, co_window_corner_a,
          co_window_paths_c, co_window_broadway_a, co_window_broadway_a,
          co_window_paths_d, glass_columns_c, glass_columns_a, glass_columns_a,
          serial_shops, nicolae_shop_back_alley_shop, uniq_ijyb
D:4:      layout_cave_pools, nicolae_tso_besieged_by_evil,
          makhleb_blood_cavern_becter, kennysheep_generic_room_12
D:5:      layout_basic, serial_aquarium, aquarium_bridge_square
          [aquarium_subvault_wall, aquarium_subvault_bridge,
          aquarium_subvault_bridge, aquarium_subvault_wall],
          aquarium_bridge_island_small [aquarium_subvault_small_open,
          aquarium_subvault_wall, aquarium_subvault_bridge,
          aquarium_subvault_wall, aquarium_subvault_bridge], aquarium_window_2,
          aquarium_window_2, aquarium_view_2e, aquarium_view_2f,
          aquarium_pool_S, cheibrodos_gnoll_hut
D:6:      layout_loops_ring, minmay_misc_feat_roman, uniq_menkaure,
          uniq_jeremiah
D:7:      nicolae_cairo_tiling_large, layout_basic,
          nemelex_xobeh_ov_fountains_minmay, minmay_temple_entry_hall,
          minmay_tree_intersection, minmay_hedge_maze
D:8:      layout_cave_pools, zin_academy, kennysheep_nub, uniq_psyche
D:9:      layout_irregular_city, hangedman_ru_absence,
          nicolae_dithmenos_shadow_blocks, grunt_lair_entry_orc_guard_hut,
          small_chamber_with_monster
D:10:     layout_basic, kennysheep_okawaru_gauntlet,
          mainiacjoe_overflow_tiny_flanked, orc_david_3,
          nicolae_underground_beach, uniq_sonja, uniq_fannar
D:11:     layout_roguey, serial_bayou, serial_bayou_pond_c,
          serial_bayou_lagoon_b, serial_bayou_pond_c, serial_bayou_pond_b,
          serial_bayou_crossing, trove_entry_hex_spiral,
          brannock_xom_greatest_gift, uniq_josephine
D:12:     layout_grid_maze, portal_ice_cave_entry_pillars_2, kennysheep_boxes
D:13:     layout_loops_ring, hellmonk_vaults_keyhole
D:14:     layout_roguey, serial_rivers, chequers_serial_rivers_micro_b,
          chequers_serial_rivers_small_3, chequers_serial_rivers_room_b,
          chequers_serial_rivers_room_a
D:15:     grunt_enter_depths_magical_seal, layout_loops_ring,
          nicolae_gozag_zags_fifth_avenue, ashenzari_conservatory_becter
Temple:   eino_temple_lava
Lair:1:   beast_lair_carwin_large_2, layout_small_grid,
          pdpol_lair_cavern_descent
Lair:2:   layout_long_grid, nicolae_shoals_entry_flooding,
          spider_nest_entry_rubble, serial_bayou_shore_a
Lair:3:   layout_chaotic_city, gammafunk_ghost_cemetery, uniq_kirke, uniq_snorg
Lair:4:   layout_cave_pods, st_stairs_3, grunt_megastairs_4
Lair:5:   minmay_lair_end_enchanted_forest, layout_concentric_octagons,
          slime_entry_1
Shoals:1: layout_shoals
Shoals:2: layout_shoals, overgrown_hall, uniq_ilsuiw, uniq_roxanne
Shoals:3: nicolae_shoals_island_circles, layout_shoals, serial_shops,
          nicolae_shop_trees
Shoals:4: shoals_end_hellmonk_holy_island
Spider:1: layout_spider_delve
Spider:2: layout_cave_pods, uniq_mlioglotl
Spider:3: layout_chambers, nicolae_spider_undead_wolf_pack
Spider:4: spider_rune_water, spiders_nest_ghost_moth_duel
Orc:1:    layout_diamond_mine, gammafunk_ghost_split, hangedman_minor_magic
Orc:2:    st_orc_mages, layout_diamond_mine, nicolae_volcano_entry_two_sided,
          nicolae_orc_tapped_out
Elf:1:    layout_gridlike, gammafunk_ghost_tricky_traps, serial_shops, shop,
          minmay_elf_crystal_heptagon, hangedman_elf_disciples
Elf:2:    elven_hall_of_blades_hangedman_alternative
          [nicolae_blade_entry_hurt_lockers], layout_geoelf_octagon,
          portal_desolation_entry_nicolae_slug, dreamdust_mushroom_princess,
          minmay_misc_feat_cross, minmay_elf_necromancy
Elf:3:    grunt_elf_hall_asides, layout_onion_city, uniq_bai_suzhen, uniq_louise
Vaults:1: nicolae_vaults_wrenched, nicolae_vaults_security_offices_1,
          nicolae_vaults_little_ls, vaults_mumra_lcd,
          nicolae_vaults_little_squares_2, vaults_room_fours,
          vaults_dpeg_emergency_exit, vaults_room_stairs_pillars,
          nicolae_vaults_apartment_2, nicolae_vaults_sesquioval_fish,
          layout_vaults_quadrants
Vaults:2: nicolae_vaults_ninety_degrees, v_misc_19,
          nicolae_vaults_three_branches, v_misc_28,
          nicolae_vaults_little_squares_4, ontoclasm_vaults_claustrophobia,
          layout_vaults_chaotic_city, dummy_crypt_entry
Vaults:3: nicolae_vaults_mush_room, nicolae_vaults_stairing_the_circle,
          nicolae_vaults_cornered_office, v_pattern_5, hangedman_vaults_trim,
          nicolae_vaults_diagonal_hallway_6, hangedman_vaults_restitches,
          hangedman_vaults_hat, layout_vaults_maze_snakey, serial_shops,
          nicolae_shop_tiny_statue_garden
Vaults:4: ebering_ghost_gozag, v_misc_2, nicolae_vaults_storage_closets_3,
          nicolae_vaults_specimen_jars, nicolae_vaults_six-pack, v_misc_29,
          nicolae_vaults_storage_room_water, dpeg_vaults_monster_row,
          nicolae_vaults_shipping_containers_2, nicolae_vaults_diamond_2,
          nicolae_vaults_tetromino_L_2, nicolae_vaults_little_squares_2,
          layout_vaults_omnibox, serial_shops, shop
Vaults:5: uniq_saint_roka
Depths:1: layout_gridlike, serial_aquarium, aquarium_bridge_long_joined
          [aquarium_subvault_balcony, aquarium_subvault_wall,
          aquarium_subvault_bridge, aquarium_subvault_bridge,
          aquarium_subvault_wall, aquarium_subvault_bridge],
          aquarium_window_corner, aquarium_window_fake, aquarium_window_2,
          aquarium_window_corridor_1, aquarium_view_2d, aquarium_view_2b,
          aquarium_pool_double, pan_entry, serial_shops, shop, nicolae_wwwww,
          hell_entry, st_stairs_9
Depths:2: minmay_triangles_in_corner, layout_honeycomb, enter_ziggurat_e,
          grunt_pan_entry_spiral, nicolae_uskayaw_murder_on_the_dancefloor,
          hangedman_geh_valley, kennysheep_generic_room_14,
          infiniplex_staircase_pool_2
Depths:3: evilmike_library_of_no_secrets, layout_basic, abyss_entry_glasseish,
          hell_entry, gammafunk_ghost_necromancy, moated_statue,
          elyvilon_altar_5, uniq_josephina
Depths:4: grunt_crosshair, layout_cave_shapes, lemuel_doored_altar,
          lightli_too_deep, abyss_entry_crystal, drop_trap,
          nicolae_transporter_intersection, minmay_shop_star
Zot:1:    layout_gridlike, grunt_ministairs_11,
          regret_index_zotdec_twisting_globes
Zot:2:    grunt_zot_stairs_faceoff, layout_misc_corridors,
          chequers_guarded_unrand_mask_of_the_dragon
Zot:3:    bobbens_index_wilting_gardens, layout_gridlike
Zot:4:    layout_onion_interference, grunt_ministairs_5,
          st_single_dragon_hoard_3
Zot:5:    layout_concentric_octagons

Skill      XL: |  1  2  3  4  5  6  7  8  9 10 11 12 13 14 15 16 17 18 19 20 21 22 23 24 25 26 27 |
---------------+----------------------------------------------------------------------------------+-----
Stealth        | 1 2 3 4 7 14 | 14.4
Spellcasting   | 3 4 5 6 7 8 9 10 11 12 13 14 15 16 17 18 19 | 19.4
Conjurations   | 3 4 5 6 7 8 9 10 11 12 13 14 15 16 17 18 19 | 19.4
Hexes          | 3 4 5 6 7 8 9 10 11 12 13 14 15 16 17 18 19 | 19.4
Summonings     | 3 4 5 6 7 8 9 10 11 12 13 14 15 16 17 18 19 | 19.4
Necromancy     | 3 4 5 6 7 8 9 10 11 12 13 14 15 16 17 18 19 | 19.4
Translocations | 3 4 5 6 7 8 9 10 11 12 13 14 15 16 17 18 19 | 19.4
Fire Magic     | 3 4 5 6 7 8 9 10 11 12 13 14 15 16 17 18 19 | 19.4
Ice Magic      | 3 4 5 6 7 8 9 10 11 12 13 14 15 16 17 18 19 | 19.4
Air Magic      | 3 4 5 6 7 8 9 10 11 12 13 14 15 16 17 18 19 | 19.4
Earth Magic    | 3 4 5 6 7 8 9 10 11 12 13 14 15 16 17 18 19 | 19.4
Alchemy        | 3 4 5 6 7 8 9 10 11 12 13 14 15 16 17 18 19 | 19.4
Evocations     | 1 2 4 5 6 8 9 10 11 12 13 14 15 16 18 | 18.0
Fighting       | 3 4 5 6 8 9 11 12 13 14 15 16 17 19 20 21 | 21.0
Dodging        | 4 8 10 12 14 16 17 18 19 | 19.1
Armour         | 1 2 3 4 9 |  9.8
Long Blades    | 5 7 9 10 11 13 15 16 17 18 21 | 21.1
Throwing       | 1 2 |  2.5
Shields        | 1 5 7 8 10 11 12 13 14 15 16 | 16.0
Invocations    | 1 |  1.0

Action                     |  1- 3 |  4- 6 |  7- 9 | 10-12 | 13-15 | 16-18 | 19-21 | 22-24 | 25-27 || total
---------------------------+-------+-------+-------+-------+-------+-------+-------+-------+-------++-------
  Melee: Falchion          |    24 |    21 |       |       |       |       |       |       |       ||    45
         Dagger            |       |     2 |     6 |    34 |     8 |     2 |       |       |       ||    52
         Demon blade       |       |       |       |       |   265 |   370 |   330 |   438 |   199 ||  1602
         Staff             |       |       |       |       |       |       |    28 |       |       ||    28
   Fire: Shortbow          |       |    31 |   165 |   121 |       |       |       |       |       ||   317
  Throw: Stone             |       |     7 |       |       |       |       |       |       |       ||     7
         Dart              |       |       |     9 |    25 |    42 |    16 |       |     3 |    22 ||   117
   Cast: Momentum Strike   |     4 |     8 |    19 |     8 |     1 |       |       |       |       ||    40
         Necrotise         |    17 |    50 |     4 |     2 |       |       |       |       |       ||    73
         Jinxbite          |       |     6 |     7 |       |       |       |       |       |       ||    13
         Hailstorm         |       |       |    32 |    63 |    92 |    17 |    67 |    22 |     5 ||   298
         Call Canine Famil |       |       |     8 |    27 |    15 |     5 |     3 |     3 |     3 ||    64
         Gell's Gravitas   |       |       |       |    28 |    88 |    45 |     9 |       |     1 ||   171
         Borgnjor's Vile C |       |       |       |    63 |   131 |   163 |   181 |   167 |   239 ||   944
         Yara's Violent Un |       |       |       |       |    19 |    11 |    45 |    44 |    81 ||   200
         Bombard           |       |       |       |       |    66 |   289 |   234 |   200 |   526 ||  1315
         Eringya's Noxious |       |       |       |       |       |    41 |    43 |    21 |       ||   105
         Summon Cactus Gia |       |       |       |       |       |       |    34 |    21 |    42 ||    97
         Malign Gateway    |       |       |       |       |       |       |     4 |    16 |    23 ||    43
         Discord           |       |       |       |       |       |       |       |    10 |    85 ||    95
         Chain Lightning   |       |       |       |       |       |       |       |       |     3 ||     3
 Invoke: Curse Item        |       |     1 |     5 |       |     3 |     5 |     1 |     2 |     2 ||    19
         Shatter the Chain |       |       |       |     1 |       |     6 |     1 |     2 |     1 ||    11
Ability: Evoke Blink       |       |       |       |       |       |       |     1 |       |       ||     1
  Evoke: Wand              |       |       |     2 |    10 |     4 |    13 |    10 |       |    12 ||    51
         Lightning rod     |       |       |       |       |       |     3 |     6 |       |       ||     9
         Condenser vane    |       |       |       |       |       |       |     1 |       |       ||     1
    Use: Scroll            |       |     9 |     1 |     1 |     4 |     6 |     6 |     4 |    25 ||    56
         Potion            |       |     1 |       |       |     2 |     1 |     2 |    11 |     2 ||    19
   Stab: Sleeping          |     2 |     1 |       |     2 |     4 |     5 |     2 |     3 |     1 ||    20
         Distracted        |       |       |       |       |     1 |     1 |       |     1 |       ||     3
         Betrayed ally     |       |       |       |       |       |       |       |       |     1 ||     1
 Armour: Leather armour    |    13 |    18 |       |       |       |       |       |       |       ||    31
         Robe              |       |     6 |    46 |    88 |   149 |    56 |       |       |       ||   345
         Troll leather arm |       |       |       |       |       |   102 |   196 |   202 |   277 ||   777
  Dodge: Dodged            |    14 |    18 |    53 |   119 |   230 |   323 |   410 |   239 |   297 ||  1703
  Block: Kite shield       |       |       |       |       |   155 |   288 |   366 |   240 |    19 ||  1068
         Buckler           |       |       |       |       |       |       |       |       |   147 ||   147

Table legend: (Time is in decaauts)
 A = Elapsed time spent in this place.
 B = Non-inter-level travel time spent in this place.
 C = Inter-level travel time spent in this place.
 D = Time resting spent in this place.
 E = Time spent auto-exploring this place.
 F = Levels seen in this place.
 G = Mean time per level.
                   A        B        C        D        E       F      G
               +--------+--------+--------+--------+--------+-----+--------+
         Total |  56851 |  50484 |   6367 |   4536 |  25819 |  52 | 1093.3 |
       Dungeon |  15917 |  12997 |   2920 |    957 |   7022 |  15 | 1061.1 |
        Temple |      1 |      1 |      0 |      0 |      0 |   1 |    1.0 |
          Lair |   6051 |   5524 |    527 |    633 |   2727 |   5 | 1210.2 |
        Shoals |   3857 |   3363 |    494 |    139 |   1672 |   4 |  964.2 |
   Spider Nest |   4320 |   3963 |    357 |    325 |   1867 |   4 | 1080.0 |
  Orcish Mines |   2332 |   1959 |    373 |    216 |    960 |   2 | 1166.0 |
   Elven Halls |   3349 |   3084 |    265 |    202 |   1781 |   3 | 1116.3 |
        Vaults |   7840 |   7369 |    471 |    527 |   3996 |   5 | 1568.0 |
        Depths |   5441 |   4957 |    484 |    421 |   3091 |   4 | 1360.2 |
           Zot |   5702 |   5230 |    472 |    755 |   2446 |   5 | 1140.4 |
         Trove |     34 |     34 |      0 |      0 |      0 |   1 |   34.0 |
      Ice Cave |    558 |    558 |      0 |     92 |     61 |   1 |  558.0 |
       Volcano |    320 |    320 |      0 |     88 |      0 |   1 |  320.0 |
    Desolation |   1122 |   1122 |      0 |    180 |    195 |   1 | 1122.0 |
               +--------+--------+--------+--------+--------+-----+--------+

Top non-repeatable levels by time:
Vaults:5: 2439 daAuts
   Zot:3: 1667 daAuts
Depths:3: 1625 daAuts
  Lair:1: 1548 daAuts
   Zot:5: 1533 daAuts
Vaults:4: 1531 daAuts
     D:3: 1504 daAuts
Depths:4: 1362 daAuts
Vaults:1: 1354 daAuts
Spider:3: 1354 daAuts
   Orc:2: 1312 daAuts
Depths:2: 1304 daAuts
   Elf:1: 1296 daAuts
    D:12: 1288 daAuts
     D:9: 1287 daAuts
